 Dungeon Crawl Stone Soup version 0.32-a0-132-g2d33c3cfaf (webtiles) character file.

Game seed: 12566722723753152442

90741 Essalna the Destroyer (level 16, -13/104 HPs)
             Began as a Gargoyle Earth Elementalist on Feb 9, 2024.
             Was the Champion of Vehumet.
             Mangled by a bunyip (23 damage)
             ... on level 2 of the Swamp.
             The game lasted 00:51:23 (22030 turns).

Essalna the Destroyer (GrEE)                       Turns: 22030, Time: 00:51:24

Health: -13/104    AC: 27    Str: 15    XL:     16   Next: 1%
Magic:  2/38       EV: 13    Int: 29    God:    Vehumet [******]
Gold:   1986       SH:  5    Dex: 10    Spells: 4/33 levels left

rFire   + . .        y - +1 short sword (venom)
rCold   + . .        H - +0 buckler
rNeg    + . .        C - +5 leather armour of Zin's Indignation {Will- Str+3 Int+7}
rPois   ∞            o - +1 helmet
rElec   +            t - scarf {rC+ rF+}
rCorr   .            (no gloves)
SInv    .            (no boots)
Will    .....        p - amulet of magic regeneration
Stlth   +++          k - +4 ring of protection
HPRegen 1.17/turn    X - ring of magical power
MPRegen 0.66/turn

%: no passive effects
@: flying
A: sickness immunity, AC +12, big wings, negative energy resistance 1,
electricity resistance, torment resistance 1, petrification resistance, dopey 1,
regeneration 1
a: Renounce Religion


You were on level 2 of the Swamp.
You worshipped Vehumet.
Vehumet was exalted by your worship.
You visited 4 branches of the dungeon, and saw 22 of its levels.
You also visited: Bailey and Volcano.

You collected 3176 gold pieces.
You spent 1190 gold pieces at shops.

Inventory:

Hand Weapons
 y - a +1 short sword of venom (weapon)
Armour
 o - a +1 helmet (worn)
 t - a scarf of resistance (worn)
 C - the +5 leather armour of Zin's Indignation (worn) {Will- Str+3 Int+7}
   (You found it on level 6 of the Dungeon)

   Str+3:     It affects your strength (+3).
   Int+7:     It affects your intelligence (+7).
   Will-:     It decreases your willpower.
 H - a +0 buckler (worn)
Jewellery
 a - a ring of willpower
 d - an amulet of guardian spirit
 k - a +4 ring of protection (left hand)
 p - an amulet of magic regeneration (around neck)
 r - a ring of protection from fire
 u - a ring of resist corrosion
 U - a ring of ice
 X - a ring of magical power (right hand)
Wands
 s - a wand of paralysis (17)
 D - a wand of light (12)
 E - a wand of flame (46)
 F - a wand of iceblast (18)
 R - a wand of digging (2)
 V - a wand of mindburst (20)
Scrolls
 c - 2 scrolls of vulnerability
 f - 6 scrolls of teleportation
 l - 6 scrolls of revelation
 m - 7 scrolls of identify {unknown}
 w - a scroll of brand weapon {unknown}
 B - a scroll of fog {unknown}
 L - 3 scrolls of poison {unknown}
 M - 2 scrolls of amnesia {unknown}
 N - 2 scrolls of enchant weapon {unknown}
 O - 2 scrolls of fear
 P - 2 scrolls of summoning {unknown}
 S - a scroll of torment {unknown}
 T - 3 scrolls of noise {unknown}
 W - 3 scrolls of enchant armour
 Y - 2 scrolls of immolation {unknown}
 Z - a scroll of blinking {unknown}
Potions
 e - 2 potions of lignification {unknown}
 i - 3 potions of attraction {unknown}
 j - 10 potions of curing
 n - a potion of resistance {unknown}
 q - a potion of heal wounds {unknown}
 v - 4 potions of cancellation {unknown}
 x - a potion of ambrosia {unknown}
 z - 2 potions of degeneration {unknown}
 A - a potion of berserk rage {unknown}
 G - 4 potions of enlightenment
 I - 3 potions of mutation
 J - 3 potions of might
 K - 3 potions of brilliance {unknown}
 Q - a potion of haste {unknown}


   Skills:
 - Level 13.5 Fighting
 - Level 8.0 Armour
 - Level 7.0 Dodging
 - Level 8.0 Stealth
 - Level 6.6 Shields
 - Level 9.2 Spellcasting
 - Level 14.5 Conjurations
 - Level 11.2 Fire Magic
 + Level 11.1 Earth Magic


You had 4 spell levels left.
You knew the following spells:

 Your Spells              Type           Power      Damage    Failure   Level
a - Sandblast             Erth           100%       2d20      1%          1
b - Stone Arrow           Conj/Erth      100%       3d13      1%          3
c - Fireball              Conj/Fire      36%        3d15      1%          5
d - Iskenderun's Battles  Conj           78%        2d13      1%          5
e - Bombard               Conj/Erth      36%        9d6       1%          6
f - Shatter               Erth           33%        3d27*     100%        9

Your spell library contained the following spells:

 Spells                   Type           Power      Damage    Failure   Level
 Plasma Beam              Fire/Air       22%        2x1d34    24%         6
 Shock                    Conj/Air       100%       1d9       1%          1
 Dazzling Flash           Conj/Hex       100%       N/A       1%          3
 Hailstorm                Conj/Ice       53%        3d10      1%          3
 Mephitic Cloud           Conj/Alch/Air  41%        N/A       1%          3
 Passwall                 Erth           67%        N/A       1%          3
 Volatile Blastmotes      Fire/Tloc      90%        2d17      1%          3
 Brom's Barrelling Bould  Conj/Erth      73%        2d9       1%          4
 Iskenderun's Mystic Bla  Conj/Tloc      53%        2d11      1%          4
 Mercury Vapours          Alch/Air       26%        N/A       2%          2
 Frozen Ramparts          Ice            26%        1d4       5%          3
 Apportation              Tloc           26%        N/A       6%          1
 Slow                     Hex            52%        N/A       6%          1
 Summon Small Mammal      Summ           52%        N/A       6%          1
 Leda's Liquefaction      Alch/Erth      22%        N/A       6%          4
 Petrify                  Alch/Erth      45%        N/A       6%          4
 Summon Blazeheart Golem  Fire/Summ      45%        N/A       6%          4
 Ensorcelled Hibernation  Hex/Ice        26%        N/A       10%         2
 Jinxbite                 Hex            26%        N/A       10%         2
 Airstrike                Air            6%         2d(1-17)  16%         4
 Call Canine Familiar     Summ           13%        N/A       19%         3
 Summon Ice Beast         Ice/Summ       13%        N/A       19%         3
 Swiftness                Air            13%        N/A       19%         3
 Tukima's Dance           Hex            13%        N/A       19%         3
 Dimensional Bullseye     Hex/Tloc       6%         N/A       52%         4
 Starburst                Conj/Fire      36%        6d11      1%          6
 Orb of Destruction       Conj           39%        9d11      3%          7
 Freezing Cloud           Conj/Ice/Air   20%        6-21      7%          5
 Spellforged Servitor     Conj/Summ      26%        N/A       54%         7
 Alistair's Intoxication  Alch           8%         N/A       86%         5
 Metabolic Englaciation   Hex/Ice        6%         N/A       86%         5
 Fire Storm               Conj/Fire      36%        8d9       99%         9
 Sculpt Simulacrum        Ice/Alch       6%         N/A       100%        6
 Maxwell's Capacitive Co  Air            6%         ∞         100%        8
 Chain Lightning          Conj/Air       26%        3d35      100%        9


Dungeon Overview and Level Annotations

Branches:
Dungeon (13/15)            Temple (0/1) D:7            Lair (5/5) D:8
  Swamp (2/4) Lair:2       Spider (0/4) Lair:3        Slime (0/5) Lair:4
    Orc (2/2) D:10            Elf (0/3) Orc:2        Bailey (visited)
Volcano (visited)
 Vaults: D:13-14

Altars:
Ashenzari
Cheibriados
Elyvilon
Fedhas
Hepliaklqana
Kikubaaqudgha
Makhleb
Ru
Trog
Uskayaw
Vehumet
Xom
Yredelemnul
The Shining One

Shops:
D:1 (   D:3 :   D:4 :   D:8 ?   Orc:2 :[(*

Portals:
Hell: Lair:5

Annotations:
D:6 2 transporters
D:9 5 transporters
Swamp:1 1 runed translucent door


Innate Abilities, Weirdness & Mutations

You are immune to sickness and miasma.
Your stone body is resilient. (AC +12)
You are immune to poison.
Your large and strong wings let you fly.
You resist negative energy. (rN+)
You are resistant to electric shocks. (rElec)
You are resistant to unholy torment.
You are immune to petrification.
You are dopey. (Int -2)
Your natural rate of healing is unusually fast.


Message History

You hear a shout! x2; You hear a chilling moan.
You hear a shout!
Casting: Sandblast (safe; 1% risk of failure)
Confirm with . or Enter, or press ? or * to list all spells.
Aiming: Sandblast (safe; 1% risk of failure)
Press: ? - help, Shift-Dir - straight line, f/p - bunyip
Aim: a bunyip (moderately wounded, catching its breath, ally target, 85% to hit)
The blast of sand hits the bunyip!!
The bunyip is heavily wounded.
Your battlesphere fires!
The barrage of energy hits the bunyip!
The bunyip is heavily wounded.
A thorn hunter comes into view.
The bunyip barely misses you. The bunyip closely misses you.
The bunyip claws you!
* * * LOW HITPOINT WARNING * * *
Casting: Sandblast (safe; 1% risk of failure)
Confirm with . or Enter, or press ? or * to list all spells.
Aiming: Stone Arrow (safe; 1% risk of failure)
Press: ? - help, Shift-Dir - straight line, f/p - bunyip
Aim: a bunyip (heavily wounded, ally target, 78% to hit)
The stone arrow misses the bunyip.
Your battlesphere fires!
The barrage of energy hits the bunyip!
The bunyip is severely wounded.
Casting: Stone Arrow (safe; 1% risk of failure)
Confirm with . or Enter, or press ? or * to list all spells.
You don't have enough magic to cast this spell.
Unknown command.
Okay, then.
As you read the scroll of fear, it crumbles to dust.
You assume a fearsome visage.
The bunyip easily resists.
The thorn hunter is unaffected.
Okay, then.
Okay, then.
The bunyip claws you!
* * * LOW HITPOINT WARNING * * *
The bunyip claws you.
* * * LOW HITPOINT WARNING * * *
The bunyip claws you!!
You die...

♣~ ~~. ♣~ ~§:
♣♣~ ~§~§ ♣~~♣♣
..~~~ ♣.§.♣
♣~.~~~
♣<§.♣♣....~~
♣..x♣.~...~~
♣).@<.~♣
♣.§...§..f~.~
♣~.~*.♣♣♣.~.~~~
♣♣~..~ <§~♣♣.
♣♣♣♣♣ .~.~
...§~ ~.~~ ♣.~~


You could see a thorn hunter, a bunyip (ally target) and a friendly
battlesphere.

Vanquished Creatures
  Kirke (Lair:4)
  An orc warlord (Orc:1)
  An eleionoma (Swamp:1)
  The ghost of Aheun the Martial Artist, a journeyman DsSh of Yredelemnul (Lair:3)
  Fannar (Lair:1)
  4 hydras
  2 catoblepae (Lair:2)
  2 alligators (Swamp:1)
  A hell beast (Lair:5)
  2 two-headed ogres (D:11)
  2 boulder beetles (D:11)
  5 death yaks
  3 orc high priests (Orc:2)
  Nergalle (D:11)
  A hell knight (Volcano)
  Sonja (Lair:4)
  2 skysharks
  Lodul (D:10)
  A spriggan druid (Swamp:1)
  A salamander mystic (Volcano)
  An arcanist (Lair:5)
  3 bog bodies
  2 lindwurms
  Pikel (D:6)
  7 orc knights
  4 cyclopes
  An orc sorcerer (Orc:2)
  2 ugly things
  A wolf spider (Lair:3)
  A salamander (Volcano)
  Maurice (D:8)
  15 elephants
  10 black mambas
  8 kobold blastminers (Orc:2)
  Joseph (D:7)
  4 molten gargoyles (Volcano)
  A smoke demon (Lair:5)
  3 gargoyles (Volcano)
  Maggie (D:8)
  10 rime drakes
  15 cane toads
  An unseen horror (D:12)
  A kobold demonologist (D:11)
  12 komodo dragons
  2 ice devils (Lair:5)
  2 red devils (Lair:5)
  4 trolls
  6 hornets
  4 polar bears
  Prince Ribbit (D:5)
  9 dream sheep
  2 tyrant leeches (Swamp:1)
  25 blink frogs
  4 slime creatures (D:8)
  4 wyverns
  A culicivora (Lair:3)
  Sigmund (D:4)
  2 vampires
  A spriggan (Swamp:1)
  A wraith (D:9)
  3 hogs (Lair:4)
  51 yaks
  8 basilisks
  3 wargs
  2 redbacks (Lair:3)
  Grum (Lair:1)
  3 vampire mosquitoes (Swamp:1)
  Menkaure (D:5)
  3 steam dragons
  6 swamp worms (Swamp:1)
  11 water moccasins
  5 hell hounds (Lair:5)
  35 orc warriors
  7 black bears
  An ice beast (D:6)
  13 wolves
  12 ogres
  2 lemures (D:6)
  2 phantoms
  4 centaurs
  A kobold brigand (D:9)
  16 bullfrogs
  4 scorpions
  3 wights (D:10)
  A cane toad simulacrum (Lair:1)
  3 howler monkeys (D:9)
  4 electric eels
  4 jellies
  A bombardier beetle (D:3)
  A gnoll bouda (D:7)
  2 hounds (D:4)
  15 orc priests
  5 sleepcaps
  Ijyb (D:4)
  14 iguanas
  23 orc wizards
  12 hell rats
  A wolf simulacrum (Lair:1)
  10 gnolls
  4 adders
  3 shadow imps
  3 white imps
  A dart slug (D:4)
  67 orcs
  2 bats
  9 endoplasms
  6 giant cockroaches
  8 hobgoblins
  3 jackals
  6 quokkas
  4 ball pythons
  17 frilled lizards
  11 goblins
  22 kobolds
  4 rats
  A spectral kobold (D:5)
674 creatures vanquished.

Vanquished Creatures (others)
  4 foxfires (Swamp:1)
4 creatures vanquished.

Grand Total: 678 creatures vanquished

Notes
Turn   | Place    | Note
-------+----------+-------------------------------------------
     0 | D:1      | Essalna the Gargoyle Earth Elementalist began the quest for
                  | the Orb.
     0 | D:1      | Reached XP level 1. HP: 10/10 MP: 3/3
   245 | D:1      | Reached XP level 2. HP: 15/15 MP: 3/5
   451 | D:1      | Found Iwihof's Weapon Shoppe.
   832 | D:2      | Reached skill level 2 in Conjurations
   832 | D:2      | Reached XP level 3. HP: 19/19 MP: 4/6
   875 | D:2      | Found a shimmering altar of Xom.
  1844 | D:3      | Learned a level 3 spell: Stone Arrow
  1873 | D:3      | Reached XP level 4. HP: 24/24 MP: 4/8
  1938 | D:3      | Reached skill level 3 in Conjurations
  1938 | D:3      | Reached XP level 5. HP: 6/28 MP: 3/9
  2049 | D:3      | Found Nideses's Book Boutique.
  2084 | D:3      | Found a radiant altar of Vehumet.
  2087 | D:3      | Found a snail-covered altar of Cheibriados.
  2097 | D:3      | Became a worshipper of Vehumet
  2108 | D:3      | Found a bloodstained altar of Trog.
  2108 | D:3      | Found a blossoming altar of Fedhas.
  2108 | D:3      | Found a glowing golden altar of the Shining One.
  2109 | D:3      | Found a white marble altar of Elyvilon.
  2118 | D:3      | Found an ancient bone altar of Kikubaaqudgha.
  2119 | D:3      | Found a sacrificial altar of Ru.
  2120 | D:3      | Found a basalt altar of Yredelemnul.
  2595 | D:4      | Noticed Ijyb
  2642 | D:4      | Paralysed by Ijyb for 2 turns
  2644 | D:4      | Killed Ijyb
  2645 | D:4      | Reached skill level 5 in Earth Magic
  2772 | D:4      | Noticed Sigmund
  2779 | D:4      | Killed Sigmund
  2780 | D:4      | Reached skill level 4 in Conjurations
  2780 | D:4      | Reached XP level 6. HP: 31/32 MP: 9/12
  2874 | D:4      | Reached * piety under Vehumet
  2874 | D:4      | Offered knowledge of Freeze by Vehumet.
  2941 | D:4      | Found Riehuly's Book Shoppe.
  2990 | D:4      | Reached XP level 7. HP: 35/36 MP: 11/13
  3152 | D:4      | Reached skill level 5 in Conjurations
  3254 | D:4      | Found Ahoeki's Magic Scroll Shoppe.
  3415 | D:5      | Entered Level 5 of the Dungeon
  3423 | D:5      | Found a hide-covered altar of Uskayaw.
  3555 | D:5      | Noticed Prince Ribbit
  3562 | D:5      | Killed Prince Ribbit
  3563 | D:5      | Reached skill level 5 in Spellcasting
  3563 | D:5      | Reached XP level 8. HP: 37/41 MP: 15/15
  3592 | D:5      | Noticed Menkaure
  3597 | D:5      | Killed Menkaure
  3648 | D:5      | Noticed a yak
  3651 | D:5      | Noticed a yak
  3669 | D:5      | Noticed a yak
  3671 | D:4      | Killed a yak
  3672 | D:4      | Reached skill level 1 in Fighting
  3672 | D:4      | Reached skill level 1 in Armour
  3672 | D:4      | Reached skill level 6 in Conjurations
  3778 | D:4      | Killed a yak
  3785 | D:5      | Killed a yak
  4238 | D:5      | Found a hazy altar of Hepliaklqana.
  4602 | D:6      | Reached XP level 9. HP: 44/49 MP: 14/16
  4710 | D:6      | Offered knowledge of Mercury Vapours by Vehumet.
  4752 | D:6      | Reached ** piety under Vehumet
  4801 | D:6      | Identified the +5 leather armour of Zin's Indignation
                  | {Will- Str+3 Int+7}
  4913 | D:6      | Found a transporter.
  4914 | D:6      | Identified the +9 trident of Jiefoach {pain, *Slow rPois
                  | Int+2 Dex+3}
  4914 | D:6      | Identified the +1 buckler "Oxoefyuc" {SInv}
  4919 | D:6      | Found a transporter.
  4955 | D:6      | Noticed Pikel
  4964 | D:6      | Killed Pikel
  4965 | D:6      | Reached skill level 7 in Conjurations
  5368 | D:7      | Found a flagged portal.
  5378 | Bailey   | Entered a bailey
  5489 | Bailey   | Offered knowledge of Inner Flame by Vehumet.
  5632 | Bailey   | Noticed an orc knight
  5639 | Bailey   | Killed an orc knight
  5640 | Bailey   | Reached skill level 5 in Fighting
  5640 | Bailey   | Reached skill level 5 in Armour
  5640 | Bailey   | Reached XP level 10. HP: 29/59 MP: 5/17
  5922 | D:7      | Found a staircase to the Ecumenical Temple.
  6004 | D:7      | Reached skill level 8 in Conjurations
  6005 | D:7      | Reached *** piety under Vehumet
  6228 | D:7      | Noticed Joseph
  6234 | D:7      | Killed Joseph
  6584 | D:7      | Offered knowledge of Airstrike by Vehumet.
  7644 | D:3      | Bought the Encyclopedia of the Radiant Fair Folk for 400
                  | gold pieces
  7650 | D:3      | Learned a level 5 spell: Fireball
  7770 | D:8      | Noticed Maggie
  7774 | D:8      | Killed Maggie
  7841 | D:8      | Reached skill level 1 in Shields
  8004 | D:8      | Reached skill level 1 in Fire Magic
  8012 | D:8      | Reached skill level 10 in Earth Magic
  8029 | D:8      | Reached **** piety under Vehumet
  8037 | D:7      | Reached skill level 5 in Dodging
  8128 | D:8      | Offered knowledge of Mephitic Cloud by Vehumet.
  8135 | D:8      | Found a staircase to the Lair.
  8145 | D:8      | Reached XP level 11. HP: 65/65 MP: 18/18
  8195 | D:8      | Found Lyfosiga's Magic Scroll Shop.
  8198 | D:8      | Bought a scroll of teleportation for 39 gold pieces
  8198 | D:8      | Bought a scroll of fear for 52 gold pieces
  8198 | D:8      | Bought a scroll of teleportation for 39 gold pieces
  8358 | D:8      | Noticed Maurice
  8363 | D:8      | Something stole a ring of resist corrosion
  8364 | D:8      | Killed Maurice
  8527 | D:9      | Found a transporter.
  8555 | D:9      | Found a transporter.
  8557 | D:9      | Found a transporter.
  8559 | D:9      | Found a transporter.
  8586 | D:9      | Reached skill level 9 in Conjurations
  8617 | D:9      | Found a transporter.
  8618 | D:9      | Found a transporter.
  8718 | D:9      | Found a broken altar of Ashenzari.
  9038 | D:10     | Entered Level 10 of the Dungeon
  9224 | D:9      | Reached ***** piety under Vehumet
  9228 | D:9      | Offered knowledge of Iskenderun's Mystic Blast by Vehumet.
  9738 | D:10     | Found a staircase to the Orcish Mines.
  9741 | D:10     | Noticed Lodul
  9847 | D:10     | Killed Lodul
  9978 | D:10     | Found a faded altar of an unknown god.
 10267 | D:10     | You fall into a shaft and drop 3 floors!
 10285 | D:13     | Noticed a red ugly thing
 10290 | D:13     | Killed a red ugly thing
 10325 | D:12     | Noticed a cyclops
 10328 | D:12     | Killed a cyclops
 10329 | D:12     | Reached XP level 12. HP: 71/73 MP: 13/19
 10387 | D:12     | Reached skill level 10 in Conjurations
 10454 | D:12     | Reached skill level 5 in Fire Magic
 10814 | D:11     | Noticed a boulder beetle
 10834 | D:11     | Killed a boulder beetle
 11060 | D:11     | Noticed Nergalle
 11067 | D:11     | Killed Nergalle
 11289 | D:11     | Noticed a boulder beetle
 11296 | D:11     | Killed a boulder beetle
 11365 | D:11     | Noticed a two-headed ogre
 11369 | D:11     | Killed a two-headed ogre
 11440 | D:11     | Noticed a two-headed ogre
 11445 | D:11     | Killed a two-headed ogre
 11579 | D:11     | Noticed a four-headed hydra
 11587 | D:11     | Killed a four-headed hydra
 11763 | Lair:1   | Entered Level 1 of the Lair of Beasts
 11784 | Lair:1   | Reached skill level 11 in Conjurations
 11813 | Lair:1   | Offered knowledge of Ignite Poison by Vehumet.
 11827 | Lair:1   | Found a dark tunnel.
 11837 | Volcano  | Entered a volcano
 11978 | Volcano  | Noticed a hell knight
 11988 | Volcano  | Reached skill level 10 in Fighting
 11988 | Volcano  | Reached XP level 13. HP: 69/82 MP: 9/20
 12325 | Volcano  | Noticed an orb of fire
 12507 | Volcano  | Noticed an orb of fire
 12652 | Lair:1   | Reached skill level 12 in Conjurations
 12797 | Lair:1   | Noticed Fannar
 12803 | Lair:1   | Killed Fannar
 12888 | Lair:1   | Noticed Grum
 12896 | Lair:1   | Killed Grum
 13474 | Lair:1   | Identified the +8 hand axe of Xom's Envy {antimagic, Will+}
 13984 | Lair:2   | Found a staircase to the Swamp.
 14212 | Lair:2   | Offered knowledge of Eringya's Noxious Bog by Vehumet.
 14418 | Lair:2   | Reached skill level 5 in Stealth
 14835 | Lair:2   | Gained mutation: Your large and strong wings let you fly.
                  | [Gargoyle growth]
 14835 | Lair:2   | Reached XP level 14. HP: 58/90 MP: 12/23
 15099 | Lair:3   | Found a runed translucent gate.
 15099 | Lair:3   | Found a runed translucent gate.
 15099 | Lair:3   | Found a runed translucent gate.
 15353 | Lair:3   | Found a hole to the Spider Nest.
 15876 | Lair:3   | Noticed Aheun's ghost (journeyman DsSh)
 15925 | Lair:3   | Gained mutation: You occasionally lose the ability to read
                  | scrolls when taking damage. [potion of mutation]
 15929 | Lair:3   | Killed Aheun's ghost
 15930 | Lair:3   | Reached skill level 13 in Conjurations
 15937 | Lair:3   | Lost mutation: You occasionally lose the ability to read
                  | scrolls when taking damage. [potion of mutation]
 15937 | Lair:3   | Gained mutation: Your natural rate of healing is unusually
                  | fast. [potion of mutation]
 15937 | Lair:3   | Gained mutation: You are dopey. (Int -2) [potion of
                  | mutation]
 16285 | Lair:3   | Learned a level 5 spell: Iskenderun's Battlesphere
 16292 | Lair:3   | Learned a level 6 spell: Bombard
 16478 | Lair:4   | You are sucked into a shaft and drop 1 floor!
 16478 | Lair:5   | Entered Level 5 of the Lair of Beasts
 16524 | Lair:4   | Offered knowledge of Conjure Ball Lightning by Vehumet.
 16865 | Lair:4   | Noticed Kirke
 17212 | Lair:4   | Noticed Sonja
 17215 | Lair:4   | Killed Sonja
 17544 | Lair:4   | Reached skill level 10 in Fire Magic
 17617 | Lair:4   | Noticed a sphinx
 17619 | Lair:4   | Killed Kirke
 17658 | Lair:4   | Found a staircase to the Slime Pits.
 17872 | Lair:5   | Reached XP level 15. HP: 88/97 MP: 7/27
 18425 | Lair:4   | Reached skill level 5 in Shields
 18497 | Lair:5   | Reached skill level 14 in Conjurations
 18696 | Lair:5   | Offered knowledge of Lee's Rapid Deconstruction by Vehumet.
 18762 | Lair:5   | Found a burning altar of Makhleb.
 19524 | Lair:5   | Found a gateway to Hell.
 19826 | Orc:1    | Entered Level 1 of the Orcish Mines
 19969 | Orc:1    | Reached ****** piety under Vehumet
 20421 | Orc:2    | Entered Level 2 of the Orcish Mines
 20468 | Orc:2    | Noticed an orc warlord
 20554 | Orc:1    | Killed an orc warlord
 20720 | Orc:2    | Found a staircase to the Elven Halls.
 20730 | Orc:2    | Found Gomapime's Book Shop.
 20955 | Orc:2    | Found Kuzaq's Antique Armour Shop.
 21129 | Orc:2    | Found Inejit's General Store.
 21229 | Orc:2    | Offered knowledge of Plasma Beam by Vehumet.
 21305 | Orc:2    | Bought a book of Annihilations for 660 gold pieces
 21317 | Orc:2    | Learned a level 9 spell: Shatter
 21376 | Orc:2    | Found Saniwatt's Antique Weapon Shop.
 21812 | Swamp:1  | Entered Level 1 of the Swamp
 21840 | Swamp:1  | Found a runed translucent door.
 22013 | Swamp:1  | Reached XP level 16. HP: 70/104 MP: 9/29
 22027 | Swamp:2  | Noticed a thorn hunter
 22030 | Swamp:2  | Mangled by a bunyip

Illustrated notes

Levels and vault maps discovered:
D:1:      enne_arrival_octagon_isle, layout_basic, serial_shops, shop,
          minmay_tromino_v4_b
D:2:      minmay_evil_eye, layout_loops_cross, basic_altar,
          kennysheep_big_empty_room, st_stairs_6, minmay_tripent
D:3:      layout_basic, minitemple, serial_shops, shop
D:4:      layout_layer_cave, serial_shops,
          nicolae_shop_competitors_out_of_business, nicolae_take_the_stairs,
          kennysheep_generic_room_15, uniq_ijyb, uniq_sigmund
D:5:      layout_gridville, mainiacjoe_overflow_catwalk,
          nicolae_hepliaklqana_monster_ancestors, uniq_menkaure,
          uniq_prince_ribbit1
D:6:      kennysheep_six_static_rooms, layout_loops_ring,
          gammafunk_ghost_gnarly_gnolls, uniq_pikel
D:7:      layout_layer_cave, minmay_temple_entry_arrows, enter_bailey_5,
          minmay_misc_feat_diagonals, hellmonk_no_cap, uniq_joseph
D:8:      layout_loops_ring, grunt_lair_entry_orc_guard_hut, serial_shops,
          nicolae_shop_behind_doors, uniq_maggie, uniq_maurice
D:9:      layout_gridville, nicolae_ashenzari_skybound, serial_nicolae_subway,
          nicolae_sub_station_crystal, nicolae_sub_station_stone,
          nicolae_sub_station_metal
D:10:     layout_stronghold, david_orc_2, serial_column_ruins,
          column_ruins_temple_circle, column_ruins_hut, column_ruins_columns_T,
          column_ruins_corridor_straight, column_ruins_open_tiny,
          column_ruins_open_tiny, column_ruins_grid_2, uniq_lodul
D:11:     layout_irregular_city, serial_library,
          serial_library_hellmonk_small_corner,
          serial_library_hellmonk_hallway_a,
          serial_library_hellmonk_secret_room,
          serial_library_hellmonk_semicircle, uniq_nergalle
D:12:     layout_small_grid, uniq_urug
D:13:     layout_loops_ring, dreamdust_princess_bridge
Lair:1:   lemuel_reptile_caves, layout_regular_city,
          nicolae_volcano_entry_hallway, portal_ice_cave_entry_ice_simulacra,
          serial_bayou_shore_b, grunt_megastairs_5, infiniplex_staircase_pool_2,
          serial_bayou_shore_a, uniq_grum, uniq_fannar
Lair:2:   layout_gridlike, skrybe_swamp_entry_bodies,
          cheibrodos_lair_caveside_slide
Lair:3:   cheibrodos_lair_overgrown_chateau, layout_chaotic_city,
          spider_nest_entry_funnel_web, ebering_ghost_rock_garden,
          serial_bayou_lagoon_a
Lair:4:   layout_layer_cave, dpeg_slime_entry_corner, fungi_pond_lemuel,
          lemuel_fruit_fields, grunt_megastairs_1, serial_bayou_shore_b,
          uniq_sonja, uniq_kirke
Lair:5:   evil_forest, layout_cave_pods
Swamp:1:  gammafunk_worm_tunnel, layout_basic_swamp,
          hellmonk_ghost_happy_afterlife, serial_swamp_ruin,
          evilmike_swamp_ruin_house_4, evilmike_swamp_ruin_house_2,
          swamp_pool_5, infiniplex_staircase_pool
Swamp:2:  layout_basic_swamp, nicolae_swamp_reclaimed_castle, swamp_pool_3
Orc:1:    layout_caves
Orc:2:    grunt_orc_gardens, layout_caves, grunt_orc_garden, grunt_orc_garden,
          grunt_orc_garden, grunt_orc_garden, mines1_david

Skill      XL: |  1  2  3  4  5  6  7  8  9 10 11 12 13 14 15 |
---------------+----------------------------------------------+-----
Earth Magic    | 4 5 6 7 8 9 10 11 | 11.1
Conjurations   | 2 3 4 5 6 7 8 9 11 12 13 14 | 14.5
Spellcasting   | 3 4 5 6 8 9 |  9.2
Fighting       | 2 5 6 7 10 11 12 13 | 13.5
Armour         | 2 5 6 7 8 |  8.0
Dodging        | 2 4 5 6 7 |  7.0
Shields        | 2 4 6 |  6.6
Fire Magic     | 2 4 7 8 10 11 | 11.2
Stealth        | 5 8 |  8.0

Action                     |  1- 3 |  4- 6 |  7- 9 | 10-12 | 13-15 | 16-18 || total
---------------------------+-------+-------+-------+-------+-------+-------++-------
  Melee: Unarmed           |    22 |       |       |       |    11 |       ||    33
         Dagger            |     1 |     1 |       |       |       |       ||     2
         Short sword       |       |       |       |    82 |    61 |       ||   143
   Cast: Sandblast         |    41 |    68 |   124 |   225 |   130 |     2 ||   590
         Stone Arrow       |       |       |    17 |   164 |   709 |     4 ||   894
         Fireball          |       |       |       |     6 |       |       ||     6
         Iskenderun's Batt |       |       |       |       |    66 |     1 ||    67
  Evoke: Wand              |       |       |       |     1 |       |       ||     1
    Use: Scroll            |       |       |     4 |     2 |     3 |     2 ||    11
         Potion            |       |       |       |     1 |     4 |       ||     5
 Armour: Robe              |    17 |    28 |    42 |       |       |       ||    87
         Leather armour    |       |       |    17 |   305 |   402 |    17 ||   741
         Skin              |       |       |       |       |     7 |       ||     7
  Dodge: Dodged            |    18 |    21 |    55 |   176 |   277 |    12 ||   559
  Block: Buckler           |       |       |       |    48 |   107 |     1 ||   156

Table legend: (Time is in decaauts)
 A = Elapsed time spent in this place.
 B = Non-inter-level travel time spent in this place.
 C = Inter-level travel time spent in this place.
 D = Time resting spent in this place.
 E = Time spent auto-exploring this place.
 F = Levels seen in this place.
 G = Mean time per level.
                   A        B        C        D        E       F      G
               +--------+--------+--------+--------+--------+-----+--------+
         Total |  22363 |  20776 |   1587 |    340 |  16456 |  24 |  931.8 |
       Dungeon |  11882 |  10836 |   1046 |    124 |   8899 |  13 |  914.0 |
          Lair |   7334 |   6917 |    417 |    164 |   5395 |   5 | 1466.8 |
         Swamp |    218 |    218 |      0 |      0 |    140 |   2 |  109.0 |
  Orcish Mines |   1642 |   1520 |    122 |     52 |   1132 |   2 |  821.0 |
        Bailey |    504 |    504 |      0 |      0 |    320 |   1 |  504.0 |
       Volcano |    779 |    779 |      0 |      0 |    569 |   1 |  779.0 |
               +--------+--------+--------+--------+--------+-----+--------+

Top non-repeatable levels by time:
  Lair:5: 1880 daAuts
     D:7: 1787 daAuts
  Lair:3: 1503 daAuts
  Lair:4: 1465 daAuts
  Lair:1: 1403 daAuts
    D:10: 1158 daAuts
     D:4: 1123 daAuts
  Lair:2: 1082 daAuts
     D:9: 1054 daAuts
     D:5: 1007 daAuts
    D:11: 963 daAuts
     D:6: 942 daAuts
     D:3: 918 daAuts
   Orc:2: 904 daAuts
     D:2: 892 daAuts
